 Dungeon Sprint DCSS version 0.30-a0-389-g8d7d949f56 (webtiles) character file.

Game seed: 1825552531550921773

7312 Darkkill the Fighter (level 10, -3/104 HPs)
             Began as a Red Draconian Artificer on Dec 3, 2022.
             Was an Elder of Nemelex Xobeh.
             Slain by a +3 war axe of electrocution (5 damage)
             ... in the Dungeon (Sprint V: "Ziggurat Sprint").
             The game lasted 00:07:05 (658 turns).

Darkkill the Fighter (Red Draconian Artificer)       Turns: 658, Time: 00:07:06

Health: -3/104     AC:  7    Str: 29    XL:     10   Next: 90%
Magic:  0/10       EV: 17    Int:  9    God:    Nemelex Xobeh [****..]
Gold:   0          SH:  0    Dex: 12    Spells: 9/9 levels left

rFire   + . .      SeeInvis +    b - +10 dark maul {vorpal}
rCold   . . .      Faith    .    (shield currently unavailable)
rNeg    . . .      Spirit   +    (body armour unavailable)
rPois   .          Reflect  .    (helmet restricted)
rElec   +          Harm     .    (no cloak)
rCorr   .          Rampage  .    (no gloves)
Will    .....      NoTele   +    (no boots)
Stlth   +++++.....               v - amulet of Veud {Spirit Contam Int+3 Dex-4 SInv}
HPRegen 0.37/turn                A - +6 ring of strength
MPRegen 0.12/turn                w - ring "Unineab" {*Corrode Fly rElec Str+8 Int-5}

@: flying
A: breathe fire, AC +7, unfitting armour, fire resistance 1, cold-blooded
a: Breathe Fire, Renounce Religion, Draw Escape, Draw Destruction, Draw
Summoning, Triple Draw, Deal Four


You were in the Dungeon.
You worshipped Nemelex Xobeh.
Nemelex Xobeh was greatly pleased with you.
You visited 1 branch

Inventory:

Hand Weapons
 a - the +9 heavy crossbow "Sniper" {vorpal, Acc+∞ SInv}
   (You found it in the Dungeon)

   Any ammunition fired from it inflicts extra damage upon your enemies.
   Any ammunition fired from it never misses its target.
   SInv:      It lets you see invisible.
 b - the +10 dark maul (weapon) {vorpal}
   (You found it in the Dungeon)

   It inflicts extra damage upon your enemies.
Armour
 y - the +18 shield of the Gong {rElec rN+ Will+ EV-5}
   (You found it in the Dungeon)

   It is deafeningly noisy when blocking attacks.
   EV:        It affects your evasion (-5).
   rElec:     It insulates you from electricity.
   rN:        It protects you from negative energy.
   Will:      It increases your willpower.
Jewellery
 v - the amulet of Veud (around neck) {Spirit Contam Int+3 Dex-4 SInv}
   (You found it in the Dungeon)

   [amulet of guardian spirit]

   It causes incoming damage to be divided between your reserves of health and
   magic.
   Int:       It affects your intelligence (+3).
   Dex:       It affects your dexterity (-4).
   SInv:      It lets you see invisible.
   Contam:    It causes magical contamination when unequipped.
 w - the ring "Unineab" (right hand) {*Corrode Fly rElec Str+8 Int-5}
   (You found it in the Dungeon)

   [ring of flight]

   Str:       It affects your strength (+8).
   Int:       It affects your intelligence (-5).
   rElec:     It insulates you from electricity.
   Fly:       It grants you flight.
   *Corrode:  It may corrode you when you take damage.
 A - a +6 ring of strength (left hand)
Wands
 c - a wand of charming (15)
 d - a wand of iceblast (10)
 t - a wand of mindburst (1)
 x - a wand of flame (15) (quivered)
Scrolls
 j - 4 scrolls of blinking
 p - 4 scrolls of amnesia
 q - 7 scrolls of butterflies
 r - 5 scrolls of identify {@r1}
 s - 2 scrolls of fear
Potions
 e - 10 potions of curing {@q1}
 f - 5 potions of heal wounds
 g - 6 potions of haste
 h - 7 potions of magic
 i - 3 potions of berserk rage
 k - 2 potions of brilliance
 l - 2 potions of invisibility
 m - 4 potions of resistance
 n - a potion of experience
 o - 5 potions of might
Miscellaneous
 u - a tin of tremorstones (2/2)
 z - a phial of floods
 C - a lightning rod (4/4)


   Skills:
 + Level 14.5 Fighting
 + Level 12.5 Dodging
 + Level 13.4 Stealth
 + Level 13.7 Evocations


You had 9 spell levels left.
You didn't know any spells.
Your spell library contained the following spells:

 Spells                   Type           Power      Damage    Failure   Level
 Petrify                  Tmut/Erth      0%         N/A       99%         4
 Metabolic Englaciation   Hex/Ice        0%         N/A       100%        5
 Summon Forest            Summ/Tloc      0%         N/A       100%        5
 Eringya's Noxious Bog    Tmut/Pois      0%         N/A       100%        6
 Statue Form              Tmut/Erth      0%         N/A       100%        6
 Summon Hydra             Summ           0%         N/A       100%        7


Dungeon Overview and Level Annotations

Branches:
Dungeon (1/1)

Altars:
Ashenzari
Cheibriados
Dithmenos
Elyvilon
Fedhas
Gozag
Hepliaklqana
Kikubaaqudgha
Makhleb
Nemelex Xobeh
Okawaru
Qazlal
Ru
Sif Muna
Trog
Uskayaw
Vehumet
Wu Jian
Xom
Yredelemnul
Zin
The Shining One
Jiyva
Lugonu

Annotations:
D 1 transporter


Innate Abilities, Weirdness & Mutations

You can breathe blasts of fire.
Your fiery red scales are hard. (AC +7)
You cannot fit into any form of body armour.
Your flesh is heat resistant. (rF+)
You are cold-blooded and may be slowed by cold attacks.


Message History

You enter the transporter and appear at another place.
A +3 war axe of electrocution, a water elemental and 5 elves come into view.
The deep elf knight gestures wildly while chanting.
Nemelex Xobeh deals you some cards!
You now have 6 escape cards, 3 destruction cards and 1 summoning card.
The deep elf knight flickers and vanishes for a moment.
Found seven items.
You draw a card...
You have drawn the Rangers.
The deck of cards disappears without a trace.
The deep elf knight gestures wildly while chanting.
The deep elf knight seems to speed up.
The deep elf knight casts a spell.
The deep elf knight seems to speed up.
The deep elf zephyrmancer shouts!
Your centaur warrior wields a +0 shortbow.
Your centaur warrior shoots an arrow.
The arrow completely misses the deep elf knight.
The arrow hits the deep elf zephyrmancer!
Your centaur warrior wields a +0 longbow.
Your centaur warrior shoots an arrow.
The arrow hits the water elemental!!
Your centaur warrior wields a +0 longbow.
Your centaur warrior shoots an arrow.
The arrow misses the deep elf knight.
The arrow hits the deep elf zephyrmancer!!
The deep elf knight unwields a +0 short sword.
The deep elf knight wields a +0 shortbow.
The deep elf knight shoots an arrow.
The arrow hits you!
The deep elf knight unwields a +0 long sword.
The deep elf knight wields a +0 longbow.
The deep elf knight shoots an arrow.
The arrow misses you.
The deep elf zephyrmancer gestures at you while chanting.
The bolt of lightning hits the deep elf knight!!
The bolt of lightning hits you! You resist.
Your centaur warrior shoots an arrow.
The arrow hits the deep elf knight!
Your centaur warrior shoots an arrow.
The arrow hits the deep elf knight!
Your centaur warrior shoots an arrow.
The arrow barely misses the water elemental.
The arrow closely misses the deep elf knight.
The deep elf knight shoots an arrow.
The arrow barely misses your centaur warrior.
The arrow closely misses you.
The deep elf zephyrmancer casts a spell at you.
The bolt of lightning hits your centaur warrior!!
The bolt of lightning hits you! You resist.
The deep elf knight casts a spell.
The deep elf knight flickers and vanishes for a moment.
Your centaur warrior shoots an arrow.
The arrow hits the deep elf zephyrmancer!!
The deep elf zephyrmancer dies!
Your centaur warrior shoots an arrow.
The arrow closely misses the +3 war axe of electrocution.
Your centaur warrior shoots an arrow.
The arrow completely misses the deep elf knight.
The +3 war axe of electrocution hits your centaur warrior!
Your centaur warrior unwields a +0 shortbow.
Your centaur warrior hits the +3 war axe of electrocution.
Your centaur warrior barely misses the +3 war axe of electrocution.
Your centaur warrior shoots an arrow.
The arrow closely misses the +3 war axe of electrocution.
Your centaur warrior shoots an arrow.
The arrow hits the water elemental!!
The deep elf knight mumbles some strange words.
The deep elf knight seems to speed up.
Something hits your centaur warrior!!
Your centaur warrior dies!
Your centaur warrior's corpse disappears in a puff of smoke!
The deep elf knight shoots an arrow.
The arrow closely misses you.
You can now deal four cards at a time.
Found a transporter.
Your centaur warrior shoots an arrow.
The arrow closely misses the +3 war axe of electrocution.
The deep elf knight shoots an arrow.
The arrow misses you.
The deep elf knight gestures wildly while chanting.
The deep elf knight flickers and vanishes for a moment.
Your centaur warrior shoots an arrow.
You feel a bit more experienced.
The +3 war axe of electrocution closely misses you.
The deep elf pyromancer completely misses you.
You hit the deep elf pyromancer.
The deep elf pyromancer is lightly wounded.
Your centaur warrior shoots an arrow.
The arrow closely misses the +3 war axe of electrocution.
The deep elf knight unwields a +0 longbow.
The deep elf knight wields a +0 long sword.
The deep elf knight hits something with a +0 long sword!!
The deep elf knight unwields a +0 shortbow.
The deep elf knight wields a +0 short sword.
The deep elf knight hits something with a +0 short sword.
The +3 war axe of electrocution hits you!!
The +3 war axe of electrocution hits something.
Lightning courses through something!!
The deep elf knight hits something with a +0 short sword.
The deep elf knight hits something with a +0 long sword.
The +3 war axe of electrocution hits you!
The +3 war axe of electrocution hits something!!
The deep elf knight hits you with a +0 long sword!!
* * * LOW HITPOINT WARNING * * *
The +3 war axe of electrocution hits you!
* * * LOW HITPOINT WARNING * * *
The deep elf knight gestures at you while chanting.
The shard of ice misses you.
The +3 war axe of electrocution hits you.
You die...
Your body disappears without a glow.

▓▓▓▓▓▓▓▓▓▓▓▓▓▓▓▓▓▓
▓...8©8.. ▓..8©8..
▓..|")=...▓...["..
▓...|)}...▓..)))..
▓.........▓.......
▓.........▓.......
▓.e.......▓.......
▓e(e......▓.......
▓@▓§....▓.▓.▓.).▓.
▓.e..©....▓...©...
▓▓▓▓▓▓▓▓▓▓▓▓▓▓▓▓▓▓
▓..8©8.. ▓...|...
▓.)..).. ▓...)...
▓..).).. ▓.......


You could see 3 deep elf knights, a deep elf pyromancer and a +3 war axe of
electrocution.

Vanquished Creatures
  A dancing weapon (D)
  An orc high priest (D)
  2 deep elf knights (D)
  2 deep elf archers (D)
  2 deep elf zephyrmancers (D)
  A harpy (shapeshifter) (D)
  A naga mage (D)
  A guardian mummy (D)
  An air elemental (D)
  4 water moccasins (D)
  An earth elemental (D)
  A mummy (D)
  7 adders (D)
  3 ball pythons (D)
28 creatures vanquished.

Vanquished Creatures (collateral kills)
  A dancing weapon (D)
  A deep elf archer (D)
  A deep elf zephyrmancer (D)
  A water elemental (D)
4 creatures vanquished.

Grand Total: 32 creatures vanquished

Notes
Turn   | Place    | Note
-------+----------+-------------------------------------------
     0 | D        | Darkkill the Draconian Artificer began the quest for the
                  | Orb.
     0 | D        | Reached XP level 1. HP: 16/16 MP: 1/1
     0 | D        | Found a shimmering blue altar of Sif Muna.
     0 | D        | Found a bloodstained altar of Trog.
     0 | D        | Found a sacrificial altar of Ru.
     0 | D        | Found a stormy altar of Qazlal.
     0 | D        | Found an iron altar of Okawaru.
     1 | D        | Found a sparkling altar of Nemelex Xobeh.
     1 | D        | Found a blossoming altar of Fedhas.
     1 | D        | Found the +6 Majin-Bo {vamp, MP+6 Int+6}
     1 | D        | Found the +9 heavy crossbow "Sniper" {vorpal, Acc+∞ SInv}
     1 | D        | Found the +10 dark maul {vorpal}
     1 | D        | Found the +15 Maxwell's patent armour {-Cast -Tele rElec
                  | Will+ rCorr}
     1 | D        | Found the +18 shield of the Gong {rElec rN+ Will+ EV-5}
     1 | D        | Found the +14 obsidian axe {vorpal, Mesm Drain Fly SInv}
     1 | D        | Found the +7 great mace "Firestarter" {inner flame, rF++}
     1 | D        | Found the +6 shillelagh "Devastator" {shatter}
     1 | D        | Found the +11 plutonium sword {Contam Stlth-}
     1 | D        | Found the +8 lance "Wyrmbane" {slay drac, rPois rF+ rC+
                  | AC+3}
     1 | D        | Found the +9 sword of Zonguldrok {reap}
     1 | D        | Found the +13 scythe of Curses {drain, Drain}
     1 | D        | Found the +5 sword of Power {vorpal}
     1 | D        | Found the +7 mace of Variability {chain chaos}
     1 | D        | Found the +7 Singing Sword {vorpal, sonic wave}
     1 | D        | Found the +8 storm bow {elec, penet}
     3 | D        | Found a transporter.
     3 | D        | Found an ancient bone altar of Kikubaaqudgha.
     3 | D        | Found a viscous altar of Jiyva.
     3 | D        | Found a corrupted altar of Lugonu.
     3 | D        | Found a hazy altar of Hepliaklqana.
     3 | D        | Found a burning altar of Makhleb.
     3 | D        | Found an opulent altar of Gozag.
    51 | D        | Became a worshipper of Nemelex Xobeh the Trickster
    85 | D        | Entered arena 2.
    85 | D        | Noticed a guardian mummy
    85 | D        | Found a transporter.
    89 | D        | Killed a guardian mummy
    90 | D        | Reached skill level 6 in Fighting
    90 | D        | Reached skill level 5 in Dodging
    90 | D        | Reached skill level 5 in Stealth
    90 | D        | Reached XP level 2. HP: 31/31 MP: 2/2
    90 | D        | Reached XP level 3. HP: 38/38 MP: 3/3
    90 | D        | Reached XP level 4. HP: 45/45 MP: 4/4
    90 | D        | Reached XP level 5. HP: 51/51 MP: 5/5
   131 | D        | Entered arena 3.
   131 | D        | Noticed a deep elf knight
   131 | D        | Noticed a +2 hand axe of distortion
   131 | D        | Noticed an orc high priest
   131 | D        | Reached * piety under Nemelex Xobeh
   131 | D        | Found a transporter.
   134 | D        | Noticed an ice devil
   134 | D        | Noticed a sun demon
   134 | D        | Killed a +2 hand axe of distortion
   135 | D        | Reached skill level 9 in Fighting
   135 | D        | Reached XP level 6. HP: 63/63 MP: 6/6
   135 | D        | Your scales start taking on a fiery red colour.
   135 | D        | Reached XP level 7. HP: 70/70 MP: 7/7
   135 | D        | Gained mutation: Your flesh is heat resistant. (rF+) [Red
                  | Draconian growth]
   136 | D        | Killed an orc high priest
   137 | D        | Reached skill level 10 in Fighting
   137 | D        | Reached XP level 8. HP: 80/80 MP: 8/8
   139 | D        | Killed a deep elf knight
   140 | D        | Reached skill level 11 in Fighting
   140 | D        | Reached skill level 10 in Stealth
   140 | D        | Reached skill level 10 in Evocations
   147 | D        | Got the amulet of Veud {Spirit Contam Int+3 Dex-4 SInv}
   157 | D        | Entered arena 4.
   157 | D        | Received a gift from Nemelex Xobeh
   157 | D        | Found a transporter.
   171 | D        | Got the ring "Unineab" {*Corrode Fly rElec Str+8 Int-5}
   182 | D        | Entered arena 5.
   182 | D        | Noticed a harpy
   182 | D        | Noticed a +4 trident of venom
   182 | D        | Noticed a deep elf archer
   182 | D        | Reached ** piety under Nemelex Xobeh
   182 | D        | Found a transporter.
   186 | D        | Identified the -2 hand axe of the Living Dead {venom, Will+
                  | Int+6}
   187 | D        | Killed a harpy
   187 | D        | Killed a +4 trident of venom
   188 | D        | Reached skill level 12 in Fighting
   188 | D        | Reached skill level 10 in Dodging
   188 | D        | Reached XP level 9. HP: 21/90 MP: 2/9
   193 | D        | HP: 9/90 [deep elf archer/arrow (19)]
   194 | D        | Killed a deep elf archer
   203 | D        | Got the +10 war axe of Growth {drain, Str+6}
   205 | D        | Got the +5 eveningstar of Xoyry {vorpal, rPois rC+ Will-}
   290 | D        | Entered arena 6.
   290 | D        | Found a transporter.
   433 | D        | Entered arena 7.
   433 | D        | Found the +7 lajatang of Order {silver, rMut}
   433 | D        | Noticed a naga mage
   433 | D        | Reached *** piety under Nemelex Xobeh
   439 | D        | Reached XP level 10. HP: 100/100 MP: 10/10
   440 | D        | Killed a naga mage
   441 | D        | Reached skill level 13 in Fighting
   441 | D        | Found a transporter.
   467 | D        | Entered arena 8.
   467 | D        | Noticed a deep elf archer
   467 | D        | Noticed a deep elf knight
   467 | D        | Noticed a deep elf zephyrmancer
   467 | D        | Noticed a deep elf zephyrmancer
   467 | D        | Noticed a deep elf archer
   470 | D        | Killed a deep elf knight
   472 | D        | Killed a deep elf zephyrmancer
   473 | D        | Killed a deep elf archer
   474 | D        | Killed a deep elf zephyrmancer
   474 | D        | HP: 9/102 [deep elf archer/arrow (23)]
   475 | D        | Reached skill level 14 in Fighting
   478 | D        | Killed a deep elf archer
   479 | D        | Found a transporter.
   487 | D        | Got the +7 hand axe of Fedhas's Benevolence {vamp, rF++
                  | Will+}
   651 | D        | Entered arena 9.
   651 | D        | Noticed a +3 war axe of electrocution
   651 | D        | Noticed a deep elf pyromancer
   651 | D        | Noticed a deep elf knight
   651 | D        | Noticed a deep elf zephyrmancer
   651 | D        | Noticed a deep elf knight
   651 | D        | Noticed a deep elf knight
   651 | D        | Received a gift from Nemelex Xobeh
   655 | D        | Killed a deep elf zephyrmancer
   657 | D        | Reached **** piety under Nemelex Xobeh
   657 | D        | Found a transporter.
   658 | D        | HP: 17/104 [deep elf knight/+0 long sword (16)]
   658 | D        | HP: 2/104 [+3 war axe of electrocution (15)]
   658 | D        | Slain by a +3 war axe of electrocution

Illustrated notes

Levels and vault maps discovered:
D:        sprint_v [room_start, room_1, room_2, room_3, room_4, room_5, room_6,
          room_7, room_8, room_9, room_10, room_11, room_12, room_13, room_14,
          room_15, room_16, room_17, room_18, room_19, room_20, room_21,
          room_22, room_23, room_24, room_25, room_26, room_27]

Skill      XL: |  1  2  3  4  5  6  7  8  9 10 |
---------------+-------------------------------+-----
Fighting       | 6 9 10 12 14 | 14.5
Dodging        | 5 8 9 10 11 12 | 12.5
Stealth        | 5 8 9 11 13 | 13.4
Evocations     | 6 9 11 12 13 | 13.7

Action                   |  1- 3 |  4- 6 |  7- 9 | 10-12 || total
-------------------------+-------+-------+-------+-------++-------
Melee: Maul              |     1 |     2 |    15 |     5 ||    23
       Tailslap          |       |       |     1 |       ||     1
 Fire: Heavy crossbow    |     2 |       |       |       ||     2
Invok: Draw Summoning    |       |       |     2 |     1 ||     3
       Draw Destruction  |       |       |     2 |     3 ||     5
Evoke: Wand              |       |     3 |     8 |     4 ||    15
  Use: Potion            |       |       |     3 |     2 ||     5
 Stab: Sleeping          |       |       |     2 |       ||     2
Armor: Skin              |       |       |    17 |       ||    17
Dodge: Dodged            |     7 |     2 |    52 |    12 ||    73

Table legend: (Time is in decaauts)
 A = Elapsed time spent in this place.
 B = Non-inter-level travel time spent in this place.
 C = Inter-level travel time spent in this place.
 D = Time resting spent in this place.
 E = Time spent auto-exploring this place.
 F = Levels seen in this place.
 G = Mean time per level.
                   A        B        C        D        E       F      G
               +--------+--------+--------+--------+--------+-----+--------+
         Total |    699 |    699 |      0 |    392 |      0 |   1 |  699.0 |
       Dungeon |    699 |    699 |      0 |    392 |      0 |   1 |  699.0 |
               +--------+--------+--------+--------+--------+-----+--------+

Top non-repeatable levels by time:
       D: 699 daAuts

Table legend:
 A = Kills in this place as a percentage of kills in entire the game.
 B = Kills by you in this place as a percentage of kills by you in the entire game.
 C = Kills by friends in this place as a percentage of kills by friends in the entire game.
 D = Other kills in this place as a percentage of other kills in the entire game.
 E = Experience gained in this place as a percentage of experience gained in the entire game.
 F = Experience gained in this place divided by the number of levels of this place that you have seen.
                   A       B       C       D       E      F
               +-------+-------+-------+-------+-------+----------------------
         Total | 100.0 | 100.0 | 100.0 |   N/A | 100.0 | 10446.0
       Dungeon | 100.0 | 100.0 | 100.0 |   N/A | 100.0 | 10446.0
               +-------+-------+-------+-------+-------+----------------------
